 Dungeon Crawl Stone Soup version 0.29.0-11-gd7f09526c8 (webtiles) character file.

Game seed: 2291525427550429470

142 RePankoism the Shooter (level 5, -1/33 HPs)
             Began as a Kobold Hunter on Sept 7, 2022.
             Was a Follower of Okawaru.
             Slain by a gnoll
             ... wielding a +0 flail
              (4 damage)
             ... on level 2 of the Dungeon.
             The game lasted 00:04:33 (1886 turns).

RePankoism the Shooter (Kobold Hunter)              Turns: 1886, Time: 00:04:33

Health: -1/33      AC:  3    Str:  8    XL:     5   Next: 50%
Magic:  5/5        EV: 15    Int: 10    God:    Okawaru [*.....]
Gold:   85         SH:  0    Dex: 21    Spells: 4/4 levels left

rFire   . . .      SeeInvis .   a - +0 shortbow
rCold   . . .      Faith    .   (shield currently unavailable)
rNeg    . . .      Spirit   .   c - +0 leather armour
rPois   .          Reflect  .   (no helmet)
rElec   .          Harm     .   (no cloak)
rCorr   .          Rampage  .   (no gloves)
Will    .....                   (no boots)
Stlth   +++.......              (no amulet)
HPRegen 0.11/turn               (no ring)
MPRegen 0.09/turn               (no ring)

@: no status effects
A: small, no large weapons, nightstalker 3
a: Renounce Religion, Heroism


You were on level 2 of the Dungeon.
You worshipped Okawaru.
Okawaru was aware of your devotion.
You visited 1 branch of the dungeon, and saw 2 of its levels.

You collected 85 gold pieces.

Inventory:

Hand Weapons
 a - a +0 shortbow (weapon)
 d - a +2 dagger of venom
Armour
 c - a +0 leather armour (worn)
 p - a +1 pair of gloves
 r - a +0 helmet
Scrolls
 b - 2 scrolls of immolation
 e - a scroll of amnesia {unknown}
 g - a scroll of enchant armour {unknown}
 h - a scroll of vulnerability {unknown}
 j - 3 scrolls of poison {unknown}
 l - 3 scrolls of fear {unknown}
 n - a scroll of identify {unknown}
 o - a scroll of silence {unknown}
 q - a scroll of enchant weapon {unknown}
 s - a scroll of summoning {unknown}
Potions
 f - a potion of attraction {unknown}
 i - a potion of heal wounds {unknown}
 k - 2 potions of curing {unknown}
 m - a potion of brilliance {unknown}


   Skills:
 + Level 4.0 Fighting
 + Level 6.7 Ranged Weapons
 + Level 3.6 Dodging
 - Level 1.3 Stealth


You had 4 spell levels left.
You didn't know any spells.
Your spell library contained the following spells:

 Spells                   Type           Power      Damage    Failure   Level
 Confusing Touch          Hex            0%         N/A       86%         3
 Leda's Liquefaction      Hex/Erth       0%         N/A       99%         4
 Borgnjor's Vile Clutch   Necr/Erth      0%         N/A       100%        5


Dungeon Overview and Level Annotations

Branches:
Dungeon (2/15)

Altars:
Okawaru

Shops:
D:2 ?


Innate Abilities, Weirdness & Mutations

You are small and have problems with some larger weapons.
You are completely attuned to the shadows.


Message History

The gnoll closely misses you.
Fire: a) +0 shortbow
Press: ? - help, Q - select action, (/) - cycle Shift-Dir - straight line, f/p - gnoll
Aim: a gnoll, wielding a +0 flail (severely wounded, 69% to hit)
You shoot an arrow. The arrow closely misses the gnoll.
The gnoll hits you with a +0 flail!
* * * LOW HITPOINT WARNING * * *
A gnoll comes into view. It is wielding a +0 flail.
You take 9 damage, and have 8/33 hp.
MASSIVE DAMAGE!!
Fire: a) +0 shortbow
Press: ? - help, Q - select action, (/) - cycle Shift-Dir - straight line, f/p - gnoll
Aim: a gnoll, wielding a +0 flail (severely wounded, 69% to hit)
You shoot an arrow. The arrow hits the gnoll.
The gnoll is almost dead.
You hear a shout!
The gnoll misses you.
A gnoll comes into view. It is wielding a +0 club.
The gnoll barely misses you.
Fire: a) +0 shortbow
Press: ? - help, Q - select action, (/) - cycle Shift-Dir - straight line, f - gnoll, p - gnoll
Aim: a gnoll, wielding a +0 club (69% to hit)
You shoot an arrow. The arrow hits the gnoll!
You kill the gnoll!
Okawaru accepts your kill.
Your Fighting skill increases to level 4!
Fire: a) +0 shortbow
Press: ? - help, Q - select action, (/) - cycle Shift-Dir - straight line, f - gnoll, p - gnoll
Aim: a gnoll, wielding a +0 flail (70% to hit)
You shoot an arrow. The arrow hits the gnoll.
The gnoll is lightly wounded.
The gnoll hits you with a +0 flail.
* * * LOW HITPOINT WARNING * * *
You take 6 damage, and have 3/33 hp.
Fire: a) +0 shortbow
Press: ? - help, Q - select action, (/) - cycle Shift-Dir - straight line, f/p - gnoll
Aim: a gnoll, wielding a +0 flail (lightly wounded, 70% to hit)
You shoot an arrow. The arrow closely misses the gnoll.
The gnoll completely misses you. The gnoll hits you but does no damage.
The gnoll hits you with a +0 flail.
You die...

#.# #####.#.## #
#.# #...... # #.#
#..#.## #
#.#######..#.# #
#............. ..
###.#######..##.
###
#.......####...#.#
#
#.####.8.<.∩.8.#.#
## # ##@.........#
#. #gg####..######
#. #).# #..))[.)#
#. #..# ##.####.#
## ...# #.# #.# #
#.# #.# # #.# #.#
# #.# ## ####.###.


You could see 2 gnolls.

Vanquished Creatures
  Natasha (twice) (D:2)
  Robin (D:2)
  An adder (D:2)
  2 gnolls (D:2)
  A dart slug (D:1)
  5 endoplasms
  A giant cockroach (D:1)
  11 goblins
  7 hobgoblins
  A quokka (D:1)
  6 ball pythons
  4 bats
  3 kobolds
  5 rats (D:1)
50 creatures vanquished.

Notes
Turn   | Place    | Note
-------+----------+-------------------------------------------
     0 | D:1      | RePankoism the Kobold Hunter began the quest for the Orb.
     0 | D:1      | Reached XP level 1. HP: 12/12 MP: 1/1
   125 | D:1      | Reached XP level 2. HP: 18/18 MP: 2/2
   464 | D:1      | Reached XP level 3. HP: 23/23 MP: 3/3
   503 | D:1      | Got the Compilation of the Metallic Oath
   581 | D:1      | Reached skill level 6 in Ranged Weapons
  1034 | D:2      | Noticed Natasha
  1041 | D:2      | Killed Natasha
  1042 | D:2      | Reached XP level 4. HP: 5/28 MP: 4/4
  1432 | D:2      | Found a faded altar of an unknown god.
  1521 | D:2      | Noticed Natasha
  1526 | D:2      | Killed Natasha
  1536 | D:2      | Prayed at the altar of an unknown god.
  1536 | D:2      | Became a worshipper of Warmaster Okawaru
  1536 | D:2      | Reached * piety under Okawaru
  1691 | D:2      | Noticed Robin
  1696 | D:2      | Reached XP level 5. HP: 29/33 MP: 5/5
  1712 | D:2      | Killed Robin
  1835 | D:2      | Found Abeddod's Magic Scroll Shoppe.
  1886 | D:2      | Slain by a gnoll

Illustrated notes

Levels and vault maps discovered:
D:1:      onia_arrival_handbag, layout_loops_ring
D:2:      layout_loops_ring, serial_shops, shop_statue,
          hellmonk_ecumenical_altar_blasted, uniq_robin,
          uniq_crazy_yiuf_cottage, uniq_natasha

Skill      XL: |  1  2  3  4  5 |
---------------+----------------+-----
Fighting       | 3 4 |  4.0
Ranged Weapons | 6 |  6.7
Dodging        | 3 |  3.6
Stealth        | |  1.3

Action                   |  1- 3 |  4- 6 || total
-------------------------+-------+-------++-------
 Fire: Shortbow          |    71 |    55 ||   126
Invok: Heroism           |       |     1 ||     1
Armor: Leather armour    |     6 |     6 ||    12
Dodge: Dodged            |    22 |    28 ||    50
